 Dungeon Crawl Stone Soup version 0.24-a0-433-gbe6fa4f6cc (webtiles) character file.

Game seed: 17340774480024499522

141 Gargoyl the Skirmisher (level 5, 0/46 HPs)
             Began as a Centaur Abyssal Knight on June 14, 2019.
             Was a Believer of Lugonu.
             Slain by a black bear (4 damage)
             ... on level 3 of the Dungeon.
             The game lasted 00:03:17 (2156 turns).

Gargoyl the Skirmisher (Centaur Abyssal Knight)     Turns: 2156, Time: 00:03:17

Health: 0/46       AC: 14    Str: 14    XL:     5   Next: 3%
Magic:  7/7        EV:  0    Int: 11    God:    Lugonu [**....]
Gold:   92         SH:  0    Dex: 10    Spells: 4/4 levels left

rFire    . . .     SeeInvis .   a - +1 hand axe
rCold    . . .     Gourm    .   (no shield)
rNeg     . . .     Faith    .   k - +0 plate armour
rPois    .         Spirit   .   b - +0 helmet
rElec    .         Reflect  .   (no cloak)
rCorr    .         Harm     .   (no gloves)
MR       .....                  d - +0 centaur barding
Stlth    ..........             (no amulet)
HPRegen  0.15/turn              (no ring)
MPRegen  0.10/turn              (no ring)

@: very quick
A: large, hooves 3, deformed body, speed 2, tough skin 3
a: Depart the Abyss, Bend Space, Renounce Religion


You were on level 3 of the Dungeon.
You worshipped Lugonu.
Lugonu was pleased with you.
You were not hungry.

You visited 1 branch of the dungeon, and saw 3 of its levels.
You visited the Abyss 1 time.

You collected 92 gold pieces.

Inventory:

Hand Weapons
 a - a +1 hand axe (weapon)
Armour
 b - a +0 helmet (worn)
 d - a +0 centaur barding (worn)
 k - a +0 plate armour (worn)
Scrolls
 e - a scroll of noise {unknown}
 f - 3 scrolls of teleportation
 i - a scroll of identify
Potions
 g - a potion of ambrosia
 h - 2 potions of mutation {unknown}
 j - a potion of flight {unknown}
Comestibles
 c - 6 rations


   Skills:
 + Level 3.7 Fighting
 + Level 2.8 Axes
 * Level 2.3 Armour
 * Level 1.4 Dodging
 * Level 2.6 Invocations


You had 4 spell levels left.
You didn't know any spells.
Your spell library was empty.

Dungeon Overview and Level Annotations

Branches:
Dungeon (3/15)

Altars:


Innate Abilities, Weirdness & Mutations

You have hooves in place of feet.
Armour fits poorly on your strangely shaped body.
You cover ground very quickly.
You have extremely tough skin. (AC +3)


Message History

* * * LOW HITPOINT WARNING * * *
The black bear claws you but does no damage. x2
Unknown command.
The orc hits you but does no damage. The black bear bites you.
* * * LOW HITPOINT WARNING * * *
The black bear claws you but does no damage. x2
Unknown command.
You miss the black bear.
The black bear is almost dead.
Your plate armour prevents you from hitting the orc.
You feel less invigorated.
You feel less confused.
The black bear bites you but does no damage.
The black bear claws you but does no damage. x2
The orc hits you but does no damage.
You hear the slow rusting of a distant drain.
The black bear bites you!
* * * LOW HITPOINT WARNING * * *
The black bear claws you.
You die...

#.####.###..........##.#
#...................##†#
#.####.########.######.#
#.## #.# #.# #.# #..#
#.# #.# #.# ##.###.# #.#
#.# #..##.# #.# #.#
##.##.##### #.######.#
#.#..@...# #........#
#.....h..# ##########
##....o..# # #.......#
... ##......#
.....##..#...#
<.....))>#...#
.....#####...# ....
......


You could see a black bear (berserk) and an orc.

Vanquished Creatures
  A bullfrog skeleton (D:2)
  2 adders
  3 worms (D:2)
  2 dart slugs (D:1)
  A leopard gecko (D:2)
  2 orcs (D:3)
  7 bats
  5 giant cockroaches
  9 goblins
  8 hobgoblins
  7 jackals
  2 quokkas
  3 frilled lizards (D:2)
  10 kobolds
  9 rats
71 creatures vanquished.

Notes
Turn   | Place    | Note
-------+----------+-------------------------------------------
     0 | Abyss:1  | Gargoyl the Centaur Abyssal Knight began the quest for the
                  | Orb.
     0 | Abyss:1  | Reached XP level 1. HP: 19/19 MP: 2/2
    33 | Abyss:1  | Noticed a ynoxinul
    36 | Abyss:1  | Noticed a tentacled starspawn
    37 | D:1      | Escaped the Abyss
   360 | D:1      | Reached * piety under Lugonu
   384 | D:1      | Reached XP level 2. HP: 24/26 MP: 3/3
   494 | D:1      | Reached skill level 1 in Dodging
   680 | D:1      | Reached XP level 3. HP: 31/31 MP: 4/4
   895 | D:2      | Reached XP level 4. HP: 12/38 MP: 5/5
  1521 | D:2      | Reached ** piety under Lugonu
  2126 | D:3      | Noticed a black bear
  2129 | D:3      | Reached XP level 5. HP: 44/46 MP: 5/7
  2156 | D:3      | Slain by a black bear

Levels and vault maps discovered:
D:1:      lemuel_arrival_behind_the_door_small, layout_basic, minmay_misc_feat_x
D:2:      minmay_evil_eye, layout_loops_ring, first_ration
D:3:      layout_basic, gup_sewer_entry_bubbles

Skill      XL: |  1  2  3 |
---------------+----------+-----
Axes           | 2 |  2.8
Dodging        | 1 |  1.4
Armour         | 2 |  2.3
Fighting       | |  3.7
Invocations    | |  2.6

Action                   |  1- 3 |  4- 6 || total
-------------------------+-------+-------++-------
Melee: Hand axe          |    74 |   125 ||   199
       Kick              |    14 |    23 ||    37
Invok: Depart the Abyss  |     1 |       ||     1
  Use: Scroll            |       |     4 ||     4
       Potion            |       |     1 ||     1
  Eat: Chunk             |       |     3 ||     3
Armor: Leather armour    |    55 |    21 ||    76
       Plate armour      |       |   130 ||   130
Dodge: Dodged            |    26 |    23 ||    49

Table legend:
 A = Non-vault XP
 B = Vault XP
 C = Vault XP percentage of total XP
 D = Non-vault monster count
 E = Vault monster count
 F = Vault count percentage of total count
                 A         B        C        D         E       F
            +---------+---------+-------+---------+---------+-------
      Total |     190 |      12 |   5.9 |      66 |       5 |   7.0
            +---------+---------+-------+---------+---------+-------
        D:1 |      48 |       0 |   0.0 |      25 |       0 |   0.0
        D:2 |     115 |      12 |   9.4 |      33 |       5 |  13.2
        D:3 |      27 |       0 |   0.0 |       8 |       0 |   0.0
            +---------+---------+-------+---------+---------+-------
